 Dungeon Crawl Stone Soup version 0.24-a0-584-g9d6b971ae4 (webtiles) character file.

Game seed: 15792284583708605404, levelgen mode: deterministic

43 Mithandil the Skirmisher (level 3, 0/29 HPs)
             Began as a Demonspawn Abyssal Knight on Sept 3, 2019.
             Was a Believer of Lugonu.
             Slain by a ball python (1 damage)
             ... on level 3 of the Dungeon.
             The game lasted 00:08:06 (1333 turns).

Mithandil the Skirmisher (DsAK)                     Turns: 1333, Time: 00:08:08

Health: 0/29       AC:  5    Str: 13    XL:     3   Next: 37%
Magic:  5/5        EV:  9    Int: 13    God:    Lugonu [**....]
Gold:   87         SH:  0    Dex: 12    Spells: 2/2 levels left

rFire    x . .     SeeInvis .   a - +4 falchion
rCold    + . .     Gourm    .   (no shield)
rNeg     . . .     Faith    .   j - +0 ring mail
rPois    .         Spirit   .   (no helmet)
rElec    .         Reflect  .   (no cloak)
rCorr    .         Harm     .   (no gloves)
MR       .....                  (no boots)
Stlth    ..........             (no amulet)
HPRegen  0.09/turn              h - ring of attention (curse)
MPRegen  0.09/turn              l - ring of ice

@: lethally poisoned (0 -> -16), constricted
A: repulsion field 1, powered by pain 1
a: Depart the Abyss, Bend Space, Renounce Religion


You were on level 3 of the Dungeon.
You worshipped Lugonu.
Lugonu was pleased with you.
You were hungry.

You visited 1 branch of the dungeon, and saw 4 of its levels.
You visited the Abyss 1 time.

You collected 87 gold pieces.

Inventory:

Hand Weapons
 a - a +4 falchion (weapon)
 b - a +0 hunting sling
 f - a +0 spear
Missiles
 g - 22 sling bullets
Armour
 e - a +0 leather armour
 j - a +0 ring mail (worn)
Jewellery
 h - a cursed ring of attention (left hand)
 l - a ring of ice (right hand)
Scrolls
 i - 4 scrolls of amnesia
 k - 4 scrolls of teleportation
 n - a scroll of blinking
Potions
 m - a potion of haste {unknown}
Comestibles
 c - 4 rations
 d - 3 chunks of flesh


   Skills:
 + Level 3.2 Fighting
 * Level 2.4 Long Blades
 + Level 2.0 Armour
 + Level 1.3 Dodging
 + Level 0.6 Stealth
 + Level 0.6 Unarmed Combat
 + Level 2.8 Invocations


You had 2 spell levels left.
You didn't know any spells.
Your spell library was empty.

Dungeon Overview and Level Annotations

Branches:
Dungeon (4/15)
 Temple: D:4-7

Altars:
Dithmenos


Innate Abilities, Weirdness & Mutations

You are surrounded by a mild repulsion field. (EV +2)
You sometimes gain a little power by taking damage.


Message History

The ball python constricts you. The adder bites you but does no damage.
The ball python bites you but does no damage.
The ball python constricts you. The adder closely misses you.
You miss the adder.
The adder is almost dead.
* * * LOW HITPOINT WARNING * * *
You feel sick. The adder bites you.
* * * LOW HITPOINT WARNING * * *
You are more poisoned.
The adder poisons you!
The ball python bites you but does no damage.
The ball python constricts you.
You closely miss the adder.
The adder is almost dead.
* * * LOW HITPOINT WARNING * * *
You feel sick. The adder bites you.
* * * LOW HITPOINT WARNING * * *
You are more poisoned.
The adder poisons you! The ball python closely misses you.
You die...

.#...#.....#######
.................#
####.............##
#..............#
##.............##
#......÷.>.....##
###.###..##........
##S?.#
#.....###...#
#.S@.# #.#...#
##..# .......†###
#.#...# .....
#...#....
#.....#.#####
##........ .##...#
....##...... .....
#... ...... .#...
#.( #...... #..
........


You could see an adder and a ball python.

Vanquished Creatures
  2 adders
  2 dart slugs
  A giant cockroach (D:3)
  2 goblins
  3 hobgoblins
  3 bats
  2 frilled lizards
  4 kobolds
  3 rats
  2 bushes (D:1)
  A plant (D:1)
25 creatures vanquished.

Notes
Turn   | Place    | Note
-------+----------+-------------------------------------------
     0 | Abyss:1  | Mithandil the Demonspawn Abyssal Knight began the quest for
                  | the Orb.
     0 | Abyss:1  | Reached XP level 1. HP: 18/18 MP: 2/2
     2 | Abyss:1  | Found a corrupted altar of Lugonu.
    29 | D:1      | Escaped the Abyss
   122 | D:1      | Reached skill level 1 in Dodging
   264 | D:2      | Gained mutation: You sometimes gain a little power by
                  | taking damage. [demonic ancestry]
   264 | D:2      | Reached XP level 2. HP: 21/24 MP: 3/3
   268 | D:2      | Found a shadowy altar of Dithmenos.
   412 | D:1      | Gained mutation: You are surrounded by a mild repulsion
                  | field. (EV +2) [demonic ancestry]
   412 | D:1      | Reached XP level 3. HP: 12/29 MP: 5/5
   707 | D:1      | Reached ** piety under Lugonu
  1294 | D:4      | Noticed an ogre
  1333 | D:3      | HP: 1/29 [adder (2)]
  1333 | D:3      | Slain by a ball python

Levels and vault maps discovered:
D:1:      onia_arrival_mini_spirals, layout_rooms, serial_forest,
          infiniplex_forest_lined_room_3, infiniplex_forest_corner_1,
          infiniplex_forest_end_1, infiniplex_forest_lined_room_3,
          infiniplex_forest_clump_long, infiniplex_forest_split,
          infiniplex_forest_lined_room_2, infiniplex_forest_end_2
D:2:      layout_rooms, nicolae_overflow_hidden_temple, minmay_pentomino_o2
D:3:      layout_rooms, lemuel_round_altar, lemuel_blue_sif_altar,
          chequers_ecumenical_altar_simple
D:4:      layout_basic, lemuel_crystal_altar, kennysheep_okawaru_gauntlet,
          first_ration, uniq_eustachio, uniq_menkaure

Skill      XL: |  1  2 |
---------------+-------+-----
Dodging        | 1 |  1.3
Long Blades    | 2 |  2.4
Armour         | 2 |  2.0
Fighting       | |  3.2
Stealth        | |  0.6
Unarmed Combat | |  0.6
Invocations    | |  2.8

Action                   || total
-------------------------++-------
Melee: Falchion          ||   230
  Use: Scroll            ||     7
       Potion            ||     3
  Eat: Chunk             ||     1
Armor: Ring mail         ||    35
Dodge: Dodged            ||    59
       Rpst.: Falchion   ||    14

Table legend:
 A = Non-vault XP
 B = Vault XP
 C = Vault XP percentage of total XP
 D = Non-vault monster count
 E = Vault monster count
 F = Vault count percentage of total count
                 A         B        C        D         E       F
            +---------+---------+-------+---------+---------+-------
      Total |      62 |       0 |   0.0 |      22 |       0 |   0.0
            +---------+---------+-------+---------+---------+-------
        D:1 |      12 |       0 |   0.0 |       8 |       0 |   0.0
        D:2 |      26 |       0 |   0.0 |       7 |       0 |   0.0
        D:3 |      24 |       0 |   0.0 |       7 |       0 |   0.0
            +---------+---------+-------+---------+---------+-------
